 Dungeon Crawl Stone Soup version 0.23.2-40-g277498a001 (webtiles) character file.

Game seed: 5743759684422146460

11 Ivernyr the Digger (level 2, -1/22 HPs)
             Began as a Deep Dwarf Earth Elementalist on Oct 4, 2019.
             Slain by a goblin
             ... wielding a +0 club
              (4 damage)
             ... on level 1 of the Dungeon.
             The game lasted 00:02:07 (367 turns).

Ivernyr the Digger (Deep Dwarf Earth Elementalist)   Turns: 367, Time: 00:02:07

Health: -1/22      AC:  2    Str: 11    XL:     2   Next: 13%
Magic:  5/5        EV: 13    Int: 10    God:
Gold:   42         SH:  0    Dex: 13    Spells: 4/5 levels left

rFire    . . .     SeeInvis .   h - +0 club
rCold    . . .     Gourm    .   (no shield)
rNeg     . . .     Faith    .   c - +0 robe
rPois    .         Spirit   .   (no helmet)
rElec    .         Reflect  .   (no cloak)
rCorr    .         Harm     .   (no gloves)
MR       .....                  (no boots)
Stlth    ++........             a - amulet of inaccuracy (curse)
HPRegen  0.00/turn              e - -5 ring of intelligence (curse)
MPRegen  0.09/turn              (no ring)

@: non-regenerating
A: damage resistance, heal wounds, sense surroundings 1, no regeneration
a: Heal Wounds


You were on level 1 of the Dungeon.
You were not hungry.

You visited 1 branch of the dungeon, and saw 1 of its levels.

You collected 42 gold pieces.

Inventory:

Hand Weapons
 h - a +0 club (weapon)
Missiles
 b - 27 stones (quivered)
Armour
 c - a +0 robe (worn)
Jewellery
 a - a cursed amulet of inaccuracy (around neck)
 e - a cursed -5 ring of intelligence (left hand)
Scrolls
 g - a scroll of amnesia {unknown}
Potions
 f - a potion of heal wounds {unknown}
 i - a potion of ambrosia {unknown}
Comestibles
 d - 3 rations


   Skills:
 + Level 2.4 Dodging
 - Level 2.4 Stealth
 + Level 2.0 Spellcasting
   Level 0.8 Transmutations
 * Level 4.5 Earth Magic


You had 4 spell levels left.
You knew the following spells:

 Your Spells              Type           Power        Failure   Level  Hunger
a - Sandblast             Erth           ##....       4%          1    ##.....

Your spell library contained the following spells:

 Spells                   Type           Power        Failure   Level  Hunger
 Passwall                 Tmut/Erth      #.......     16%         2    ###....
 Stone Arrow              Conj/Erth      #.....       36%         3    ####...
 Petrify                  Tmut/Erth      #.......     71%         4    #####..
 Lee's Rapid Deconstruct  Erth           ##........   80%         5    ######.


Dungeon Overview and Level Annotations

Branches:
Dungeon (1/15)

Altars:


Innate Abilities, Weirdness & Mutations

You are resistant to damage.
You can heal yourself by infusing magical energy.
You passively map a small area around you.
You do not regenerate.


Message History

You miss the goblin. The goblin closely misses you. The rat bites you.
The goblin barely misses you.
You barely miss the rat. The rat bites you. The goblin closely misses you.
You hit the rat but do no damage. The rat bites you.
The goblin hits you with a +0 club.
You barely miss the rat. The rat barely misses you.
The goblin hits you but does no damage. The rat closely misses you.
You barely miss the goblin. The goblin hits you with a +0 club.
The rat bites you.
You miss the goblin. The goblin hits you with a +0 club.
* * * LOW HITPOINT WARNING * * *
The rat barely misses you.
You miss the goblin. The goblin hits you with a +0 club.
* * * LOW HITPOINT WARNING * * *
The rat bites you but does no damage. x2
The goblin hits you but does no damage.
You closely miss the goblin. The rat closely misses you. The goblin misses you.
You fail to use your ability.
The rat closely misses you. The goblin hits you with a +0 club.
You die...

#..................
#......###.........
####.### #.........
#.# #.........
######.#####.........
#..[..^..............
#....................
#...........#########
#####...@g......
#...'....r......
#.###........... #.#
#.......$... #.#
############ #.# #.#
#.# #.#


You could see a goblin and a rat.

Vanquished Creatures
  An ooze (D:1)
  A bat (D:1)
  A goblin (D:1)
  A hobgoblin (D:1)
  A kobold (D:1)
  A rat (D:1)
6 creatures vanquished.

Notes
Turn   | Place    | Note
-------+----------+-------------------------------------------
     0 | D:1      | Ivernyr the Deep Dwarf Earth Elementalist began the quest
                  | for the Orb.
     0 | D:1      | Reached XP level 1. HP: 15/15 MP: 3/3
   259 | D:1      | Reached XP level 2. HP: 14/22 MP: 4/4
   367 | D:1      | Slain by a goblin

Skill      XL: |  1  2 |
---------------+-------+-----
Spellcasting   | 2 |  2.0
Dodging        | |  2.4
Stealth        | |  2.4
Transmutations | |  0.8
Earth Magic    | |  4.5

Action                   || total
-------------------------++-------
Melee: Unarmed           ||    14
       Club              ||    33
 Cast: Sandblast         ||     3
Armor: Robe              ||     8
Dodge: Dodged            ||    39
